 Dungeon Crawl Stone Soup version 0.29.0-11-gd7f09526c8 (webtiles) character file.

Game seed: 6563750098020819265

14 CrazyBamboolord the Grave Robber (level 2, 0/19 HPs)
             Began as a Mummy Necromancer on Sept 6, 2022.
             Slain by an endoplasm (1 damage)
             ... on level 1 of the Dungeon.
             The game lasted 00:01:39 (251 turns).

CrazyBamboolord the Grave Robber (Mummy Necromancer) Turns: 251, Time: 00:01:40

Health: 0/19       AC:  2    Str: 11    XL:     2   Next: 27%
Magic:  0/5        EV: 12    Int: 14    God:
Gold:   0          SH:  0    Dex: 12    Spells: 5/6 levels left

rFire   x . .      SeeInvis .   (no weapon)
rCold   + . .      Faith    .   (no shield)
rNeg    + + +      Spirit   .   a - +0 robe
rPois   ∞          Reflect  .   (no helmet)
rElec   .          Harm     .   (no cloak)
rCorr   .          Rampage  .   (no gloves)
Will    .....                   (no boots)
Stlth   ++........              (no amulet)
HPRegen 0.06/turn               (no ring)
MPRegen 0.09/turn               (no ring)

@: no status effects
A: cold resistance 1, negative energy resistance 3, torment resistance 2, heat
vulnerability 1, no potions
a: no special abilities


You were on level 1 of the Dungeon.
You visited 1 branch of the dungeon, and saw 1 of its levels.

Inventory:

Armour
 a - a +0 robe (worn)
Jewellery
 b - a +6 ring of intelligence
 d - an amulet of faith
Scrolls
 c - a scroll of noise


   Skills:
 * Level 1.7 Dodging
 - Level 1.5 Stealth
 * Level 2.9 Spellcasting
 * Level 0.2 Hexes
 * Level 4.3 Necromancy


You had 5 spell levels left.
You knew the following spells:

 Your Spells              Type           Power      Damage    Failure   Level
a - Necrotise             Necr           56%        1d6       3%          1

Your spell library contained the following spells:

 Spells                   Type           Power      Damage    Failure   Level
 Vampiric Draining        Necr           14%        2d7       11%         3
 Animate Dead             Necr           14%        N/A       34%         4
 Agony                    Necr           14%        N/A       69%         5


Dungeon Overview and Level Annotations

Branches:
Dungeon (1/15)

Altars:


Innate Abilities, Weirdness & Mutations

You are immune to poison.
Your flesh is cold resistant. (rC+)
You are immune to negative energy. (rN+++)
You are immune to unholy pain and torment.
You are vulnerable to heat. (rF-)
You do not drink.


Message History

There is a staircase leading out of the dungeon here.
Aiming: Necrotise (safe; 3% risk of failure)
Press: ? - help, Q - select action Shift-Dir - straight line, f - giant cockroach
Aim: a giant cockroach (chance to affect: 84%)
The giant cockroach writhes in agony.
The giant cockroach barely misses you.
Unknown command.
The giant cockroach attacks as you move away!
The giant cockroach bites you but does no damage.
You hit the giant cockroach.
You kill the giant cockroach!
The endoplasm attacks as you move away! The endoplasm closely misses you.
There is an open door here.
The endoplasm attacks as you move away! The endoplasm barely misses you.
Aiming: Necrotise (safe; 3% risk of failure)
Press: ? - help, Q - select action Shift-Dir - straight line, f - endoplasm
Aim: an endoplasm (chance to affect: 84%)
The endoplasm barely resists.
The endoplasm hits you.
* * * LOW HITPOINT WARNING * * *
A bat comes into view.
The endoplasm attacks as you move away! The endoplasm misses you.
The bat hits you but does no damage. The bat hits you but does no damage.
The endoplasm attacks as you move away! The endoplasm closely misses you.
The bat attacks as you move away! The bat hits you.
* * * LOW HITPOINT WARNING * * *
The bat closely misses you.
Aiming: Necrotise (safe; 3% risk of failure)
Press: ? - help, Q - select action Shift-Dir - straight line, f/p - endoplasm
Aim: an endoplasm (chance to affect: 84%)
The endoplasm writhes in agony.
The bat hits you but does no damage. The endoplasm hits you.
* * * LOW HITPOINT WARNING * * *
The endoplasm attacks as you move away! The endoplasm closely misses you.
The bat closely misses you. The endoplasm attacks as you move away!
The endoplasm hits you.
* * * LOW HITPOINT WARNING * * *
The endoplasm attacks as you move away! The endoplasm hits you.
You die...

### ..## ########## #
...###...._.... ..
.......#######. ###.
......## #.# #...
....#.########.. ..#
.......g.g..# #.#.#
#####'#####.# #.@.#
#PPP#.#PPP#.# ##J.#
#P⌠P#.#P⌠P#.####.b####
#PPP#.#PPP#..J.JK....#
#####†#####..........#
+....<....+............#
#####.#####..........###
#PPP#.#PPP#..........#
#P⌠P#.#P⌠P#..........#


You could see 2 endoplasms, a bat and a kobold.

Vanquished Creatures
  A ball python (D:1)
  An endoplasm (D:1)
  2 giant cockroaches (D:1)
  A goblin (D:1)
  3 bats (D:1)
  A frilled lizard (D:1)
  2 kobolds (D:1)
  A rat (D:1)
12 creatures vanquished.

Vanquished Creatures (collateral kills)
  An endoplasm (D:1)
1 creature vanquished.

Grand Total: 13 creatures vanquished

Notes
Turn   | Place    | Note
-------+----------+-------------------------------------------
     0 | D:1      | CrazyBamboolord the Mummy Necromancer began the quest for
                  | the Orb.
     0 | D:1      | Reached XP level 1. HP: 13/13 MP: 4/4
     9 | D:1      | Found a faded altar of an unknown god.
   196 | D:1      | Reached XP level 2. HP: 17/19 MP: 0/5
   251 | D:1      | Slain by an endoplasm

Illustrated notes

Levels and vault maps discovered:
D:1:      beargit_arrival_greenhouse, layout_rooms,
          ebering_ecumenical_altar_hall, serial_shops,
          nicolae_shop_hallway_stairs

Action                   || total
-------------------------++-------
Melee: Unarmed           ||     8
 Cast: Necrotise         ||    17
  Use: Scroll            ||     2
Armor: Robe              ||    11
Dodge: Dodged            ||    27
